[Event "Live Chess"]
[Site "Chess.com"]
[Date "2023.05.20"]
[Round "-"]
[White "TheSmoulderingMaster"]
[Black "Doge_Dandolo"]
[Result "0-1"]
[WhiteElo "1792"]
[BlackElo "2172"]
[TimeControl "300"]
[EndTime "10:01:43 PDT"]
[Termination "Doge_Dandolo won by resignation"]

1. e4 c6 2. d4 d5 3. Nc3 dxe4 4.
Nxe4 Bf5 5. Ng3 Bg6 6. Nh3 Nf6 7. Nf4 e5 8. dxe5 Qa5+ 9. Bd2 Qxe5+ 10. Be2 Nbd7 11.
O-O Bd6 12. Re1 O-O-O 13. Nxg6 hxg6 14. Bf3 Qb5 15. a4 Qb6 16. a5 Qc7 17. a6 b6 18.
Be3 Ne5 19. Qd4 Nxf3+ 20. gxf3 Bxg3 0-1

[Event "Live Chess"]
[Site "Chess.com"]
[Date "2023.05.20"]
[Round "-"]
[White "thrithik"]
[Black "CocheseUK"]
[Result "0-1"]
[WhiteElo "471"]
[BlackElo "1079"]
[TimeControl "300"]
[EndTime "10:01:45 PDT"]
[Termination "CocheseUK won by checkmate"]

1. c3 e5 2. Qa4 Nc6 3. Na3 d5 4. Nb5 a6 5. Na3 Bd7 6. Nb1 Bc5 7. Nf3 f5 8. a3 e4 9. Ne5 b5 10. Nxc6 Bxc6 11. Qa5 Bb6 12. Qb4 Nf6 13. Qb3 Ng4 14. h3 Nxf2 15. Rg1 Nxh3 16. gxh3 Bxg1 17. d3 Qh4+ 18. Kd1 Qf2 19. e3 Qxf1+ 20. Kc2 Qe2+ 21. Bd2 exd3+ 22. Kc1 Qf1+ 23. Be1 Qxe1+ 24. Qd1 Bxe3+ 25. Nd2 Bxd2+ 26. Kb1 Qxd1+ 27. Ka2 Qxa1+ 28. Kxa1 f4 29. Kb1 O-O-O 30. Ka2 Rde8 31. c4 Re2 32. h4 Rhe8 33.
c5 d4 34. h5 Rg2 35. h6 Bd5+ 36. b3 Bc3+ 37. Kb1 Re1# 0-1

[Event "Live Chess"]
[Site "Chess.com"]
[Date "2023.05.20"]
[Round "-"]
[White "MartinWalker4"]
[Black "McSlash1"]
[Result "1/2-1/2"]
[WhiteElo "2073"]
[BlackElo "2071"]
[TimeControl "300"]
[EndTime "10:01:49 PDT"]
[Termination "Game drawn by agreement"]

1. e4 c5 2. Nf3 d6 3. Bb5+ Bd7 4. Bxd7+ Qxd7 5. O-O Nf6 6. Re1 Nc6 7. c3 g6 8. d4 cxd4 9. cxd4 Bg7 10. Nc3 O-O 11. Bg5 h6 12. Bxf6 Bxf6 13. e5 dxe5 14. dxe5 Qxd1 15. Raxd1 Bg7 16. Rd7 Rab8 17. Nd5 e6 18. Ne7+ Kh8 19. Nxc6 bxc6 20. Rxa7 Rxb2 21. h3 Kg8 22. a4 Rc8 23. a5 Ra2 24. Nd4 c5 25. Nb5 c4 26. a6 c3 27. Rc7 Rxc7 28. Nxc7 c2 29. f4 Bf8 30. Kf1 Bb4 31. Rc1 Ba5 32. Rxc2 Rxc2 33. a7 Rc1+ 34. Ke2 Rc2+ 35. Kd3 Rc3+ 36.
Ke2 Rc2+ 37. Kd3 1/2-1/2

[Event "Live Chess"]
[Site "Chess.com"]
[Date "2023.05.20"]
[Round "-"]
[White "Zeraora719"]
[Black "alanmike75"]
[Result "0-1"]
[WhiteElo "800"]
[BlackElo "1484"]
[TimeControl "300"]
[EndTime "10:01:50 PDT"]
[Termination "alanmike75 won by checkmate"]

1. e4 e5 2. f4 exf4 3. Nf3 Nf6 4.
Nc3 d5 5. d3 dxe4 6. dxe4 Qxd1+ 7. Nxd1 Nxe4 8. Bxf4 Bd6 9. Bxd6 Nxd6 10. Ne5 O-O 11.
g4 Re8 12. Bc4 Rxe5+ 13. Kf1 Nxc4 14. b3 Nd2+ 15. Kf2 Bxg4 16. h3 Bh5 17. h4 Nc6 18. Nc3 Rd8 19. Rhe1 Nf3 20. Rxe5 Nfxe5 21. Nb5 Rd7 22.
Nxa7 Nxa7 23. c4 c5 24. b4 cxb4 25. a4 f6 26. a5 Nac6 27. a6 bxa6 28. Rxa6 b3 29.
Ra8+ Kf7 30. Ra1 b2 31. Rb1 Nd4 32. Rxb2 Nd3+ 33. Ke3 Nxb2 34. Kd2 Nxc4+ 35. Kd3 Ne5+ 36. Ke4 Bg6+ 37. Kf4 Ne2+ 38. Ke3 Ng3 39. Kf4 Nf5 40. h5 Nd3+ 41. Kg4 Ne3+ 42. Kh4 Bf5 43. h6 g5+ 44.
Kh5 Bg6# 0-1

[Event "Live Chess"]
[Site "Chess.com"]
[Date "2023.05.20"]
[Round "-"]
[White "Supertromp"]
[Black "JanMur7"]
[Result "1-0"]
[WhiteElo "2170"]
[BlackElo "1984"]
[TimeControl "300"]
[EndTime "10:01:53 PDT"]
[Termination "Supertromp won by resignation"]

1. e4 e5 2. Nf3 Nc6 3. Bc4 Bc5 4. c3 Nf6 5. d4 exd4 6. b4 Bb6 7. e5 d5 8. exf6 dxc4 9. Qe2+ Be6 10. b5 Na5 11. fxg7 Rg8 12. cxd4 Bxd4 13. Nxd4 Qxd4 14. Bb2 Qd3 15.
Bf6 a6 16. Nc3 axb5 17. Nxb5 Qxe2+ 18. Kxe2 Kd7 19. Rhd1+ Kc6 20. Nd4+ 1-0

[Event "Live Chess"]
[Site "Chess.com"]
[Date "2023.05.20"]
[Round "-"]
[White "NAZRIZ1977"]
[Black "grillage"]
[Result "1-0"]
[WhiteElo "2132"]
[BlackElo "1851"]
[TimeControl "300"]
[EndTime "10:01:54 PDT"]
[Termination "NAZRIZ1977 won by resignation"]

1. c4 b6 2. d3 Bb7 3. Nd2 f5 4. Ngf3 Nf6 5. g3 e6 6. Bg2 Be7 7. O-O O-O 8. Rb1 Kh8 9. b4 Na6 10. a3 Qe8 11. e3 Qh5 12. Ne5 Qxd1 13. Rxd1 Bxg2 14. Kxg2 d6 15. Nc6 Rf7 16. Nf3 h6 17.
Nh4 Kh7 18. f4 Ng4 19. Nf3 Nb8 20. Ncd4 e5 21. Nb5 Bf8 22. h3 Nf6 23. fxe5 dxe5 24. Nxe5 Re7 25. Bb2 a6 26. Nd4 Nbd7 27. Nxd7 Nxd7 28.
Nxf5 Rf7 29. e4 a5 30. Bc3 axb4 31. axb4 Ra2+ 32. Rb2 Ra4 33. Rdb1 g6 34. Ne3 Bd6 35. Nd5 Ne5 36. Bxe5 Bxe5 37. Rf2 Rxf2+ 38. Kxf2 Ra2+ 39. Kf3 Ra3 40. Rd1 Rb3 41. g4 Bd6 42. b5 Rb2 43. Re1 Rh2 44. e5 Bc5 45. e6 Rxh3+ 46. Kg2 Rxd3 47. e7 Bxe7 48. Rxe7+ Kg8 49. Rxc7 1-0

[Event "Live Chess"]
[Site "Chess.com"]
[Date "2023.05.20"]
[Round "-"]
[White "TDCMF"]
[Black "siddu198"]
[Result "0-1"]
[WhiteElo "340"]
[BlackElo "1617"]
[TimeControl "300"]
[EndTime "10:01:56 PDT"]
[Termination "siddu198 won on time"]

1. e4 e5 2. Nf3 b6 3. Bc4 Bb7 4. d3 f6 5. O-O Nh6 6. h3 d5 7.
Nc3 dxc4 8. d4 exd4 9. Nxd4 c5 10. Ne6 Qxd1 11. Rxd1 Na6 12. Nxf8 Rxf8 13. Bf4 Rf7 14. Rd2 Nb4 15. Rad1 Nc6 16. Nd5 Nd4 17. Nc7+ Rxc7 18.
Bxc7 Rc8 19. c3 Rxc7 20. cxd4 cxd4 21. Rxd4 Re7 22. Rd8+ Kf7 23. R1d7 Bxe4 24. Rxe7+ Kxe7 25. Rd4 f5 26. b3 cxb3 27. axb3 Nf7 28. Rc4 Kd6 29.
b4 Kd5 30. Rc7 Ke6 31. Rxa7 b5 32. Ra5 Bd3 0-1

[Event "Live Chess"]
[Site "Chess.com"]
[Date "2023.05.20"]
[Round "-"]
[White "NatashaRegan"]
[Black "daveeeeR"]
[Result "1-0"]
[WhiteElo "1841"]
[BlackElo "1260"]
[TimeControl "300"]
[EndTime "10:02:02 PDT"]
[Termination "NatashaRegan won on time"]

1. e4 c5 2. d4 cxd4 3. c3 Nc6 4. cxd4 d5 5. exd5 Qxd5 6. Be3 e5 7. Nc3 Bb4 8. a3 Bxc3+ 9. bxc3 exd4 10. cxd4 Nf6 11. Nf3 O-O 12. Bd3 Bg4 13. Be2 Rfe8 14. O-O Rad8 15.
Rb1 Bc8 16. Rb5 Qd7 17. d5 Ne5 18. Nxe5 Rxe5 19. Bxa7 Rxd5 20. Qb1 Rxb5 21. Bxb5 Qd6 22. a4 b6 23. Bc4 Nd7 24. Rd1 Qc5 25. Bb5 g6 26.
Bxd7 Rxd7 27. Rxd7 Bxd7 28. Bxb6 Qc4 29. a5 Bb5 30. h3 h5 31. Be3 Qd3 32. Qa1 Kh7 33. Qf6 Qf1+ 34. Kh2 Qd3 35. Qxf7+ 1-0

[Event "Live Chess"]
[Site "Chess.com"]
[Date "2023.05.20"]
[Round "-"]
[White "Alan_Richardson"]
[Black "ranvir123"]
[Result "1-0"]
[WhiteElo "1626"]
[BlackElo "875"]
[TimeControl "300"]
[EndTime "10:02:09 PDT"]
[Termination "Alan_Richardson won by checkmate"]

1. d4 e5 2. dxe5 Nc6 3. Nf3 Qe7 4. Bf4 Qb4+ 5. Bd2 Qxb2 6. Nc3 Bb4 7. Rb1 Qa3 8. Nd5 Qa5 9. Nxb4 Nxb4 10. Bxb4 Qxa2 11.
e4 d6 12. exd6 cxd6 13. Bb5+ Bd7 14. Bxd7+ Kxd7 15. Qxd6+ Ke8 16. O-O Rd8 17. Qe5+ Ne7 18. Qxe7# 1-0

[Event "Live Chess"]
[Site "Chess.com"]
[Date "2023.05.20"]
[Round "-"]
[White "JohanKjeldahl"]
[Black "PureMellowPlan"]
[Result "1-0"]
[WhiteElo "1761"]
[BlackElo "629"]
[TimeControl "300"]
[EndTime "10:02:11 PDT"]
[Termination "JohanKjeldahl won by resignation"]

1. e4 e5 2. Nf3 Nc6 3. d4 exd4 4.
c3 dxc3 5. Bc4 cxb2 6. Bxb2 Nf6 7. O-O Bc5 8. e5 Ng4 9. Qd5 Ncxe5 10. Nxe5 Nxe5 11.
Qxe5+ Be7 1-0

[Event "Live Chess"]
[Site "Chess.com"]
[Date "2023.05.20"]
[Round "-"]
[White "Ishaan1618"]
[Black "wot-not"]
[Result "0-1"]
[WhiteElo "787"]
[BlackElo "1476"]
[TimeControl "300"]
[EndTime "10:02:12 PDT"]
[Termination "wot-not won by checkmate"]

1. e4 e5 2. d3 d6 3. d4 exd4 4.
Qxd4 Nc6 5. Qd1 Nf6 6. Bd2 Be7 7. Bd3 O-O 8. e5 Nxe5 9. h3 Nxd3+ 10. cxd3 d5 11.
Nf3 c6 12. Ne5 Bd6 13. a3 Bxe5 14. O-O Bxb2 15. Ra2 Bd4 16. Nc3 Bxc3 17. Bxc3 d4 18. Bxd4 Qxd4 19. Qf3 Be6 20. Qe3 Qxe3 21. fxe3 Bxa2 22.
Ra1 Bd5 23. Rd1 Rfe8 24. Rc1 Rxe3 25. Rf1 Re2 26. Rf2 Re1+ 27. Kh2 Rae8 28. Rf4 R1e2 29.
Kg1 Rxg2+ 30. Kh1 Rg4+ 31. Kh2 Re2+ 32. Rf2 Rxf2# 0-1

[Event "Live Chess"]
[Site "Chess.com"]
[Date "2023.05.20"]
[Round "-"]
[White "Misha145Chess"]
[Black "mementoluna"]
[Result "0-1"]
[WhiteElo "598"]
[BlackElo "1045"]
[TimeControl "300"]
[EndTime "10:02:14 PDT"]
[Termination "mementoluna won by checkmate"]

1. d4 Nf6 2. Nc3 d6 3. e4 Nbd7 4. Bg5 g6 5. Bb5 Bg7 6. Bc4 e5 7. dxe5 dxe5 8. Nd5 O-O 9. Bb5 c6 10. Nxf6+ Nxf6 11. Bxf6 Qxd1+ 12. Kxd1 cxb5 13. Bxg7 Kxg7 14. Nf3 Bg4 15. Ke2 Bxf3+ 16. Kxf3 Rad8 17. Rad1 Rxd1 18. Rxd1 a6 19. Rd7 Rb8 20. b3 a5 21. c4 bxc4 22.
bxc4 a4 23. c5 Kf8 24. Rd5 f6 25. g4 Ke7 26. g5 b5 27. gxf6+ Kxf6 28. h4 b4 29. c6 b3 30. axb3 axb3 31. c7 Rc8 32. Rc5 b2 33. Rb5 Rxc7 34. Rxb2 Rc3+ 35. Kg4 h5# 0-1

[Event "Live Chess"]
[Site "Chess.com"]
[Date "2023.05.20"]
[Round "-"]
[White "RedRook90"]
[Black "lucaskk818"]
[Result "1-0"]
[WhiteElo "1970"]
[BlackElo "1869"]
[TimeControl "300"]
[EndTime "10:02:15 PDT"]
[Termination "RedRook90 won by checkmate"]

1. c4 c5 2. Nf3 Nc6 3. g3 g6 4. Bg2 Bg7 5. Nc3 e5 6. O-O d6 7. d3 Be6 8. Rb1 a5 9. a3 Nge7 10. e4 h6 11. Nd5 O-O 12. b4 axb4 13. axb4 Bxd5 14. exd5 Nxb4 15. Bd2 Nxd3 16. Rxb7 e4 17. Ne1 Nxe1 18. Rxe1 f5 19. Qb3 Rb8 20. Rb1 Rxb7 21. Qxb7 Rf7 22. Rb6 Nxd5 23. Qb8 Rf8 24. Qxd8 Rxd8 25.
cxd5 Be5 26. f3 exf3 27. Bxf3 Ra8 28. Bf4 Ra1+ 29. Kg2 Ra2+ 30. Kf1 Ra1+ 31. Ke2 Ra2+ 32. Ke1 Rxh2 33. Bxe5 dxe5 34. Rxg6+ Kf7 35. Rc6 e4 36. Be2 e3 37. Rxc5 Rg2 38. d6 Ke6 39. d7 Kxd7 40.
Rxf5 Rxg3 41. Rh5 Rg1+ 42. Bf1 Rg6 43. Ke2 Ke7 44. Kxe3 Kf6 45. Bd3 Rg3+ 46. Kd4 Rg4+ 47. Kc3 Kg7 48. Ra5 Rg5 49. Ra7+ Kf6 50. Ra6+ Kg7 51.
Ra4 Rc5+ 52. Kd4 Rg5 53. Be4 Rg4 54. Ke5 Rg5+ 55. Bf5 Rg1 56. Ra7+ Kh8 57. Kf6 h5 58. Rh7+ Kg8 59. Rxh5 Rg2 60. Rh4 Rg1 61. Re4 Rg3 62. Re8# 1-0

[Event "Live Chess"]
[Site "Chess.com"]
[Date "2023.05.20"]
[Round "-"]
[White "BostonStrangler"]
[Black "CheckString"]
[Result "1-0"]
[WhiteElo "2018"]
[BlackElo "1298"]
[TimeControl "300"]
[EndTime "10:02:26 PDT"]
[Termination "BostonStrangler won by checkmate"]

1. Nf3 d5 2. g3 Nc6 3. Bg2 e5 4.
O-O Nf6 5. c4 e4 6. Ng5 h6 7.
Nh3 Bxh3 8. Bxh3 Bc5 9. cxd5 Nxd5 10. Nc3 O-O 11. Nxe4 Bb6 12. d3 Nf6 13. Bg2 Nxe4 14. Bxe4 Qf6 15. Rb1 Rad8 16. b4 Rfe8 17. Bxc6 Qxc6 18.
a4 a5 19. b5 Qc5 20. Bb2 Rd5 21. e3 Red8 22. Bd4 Qd6 23. Bxb6 Qxb6 24. d4 Qg6 25.
Rc1 R8d7 26. Qc2 Qd6 27. Qd2 Qb4 28. Qxb4 axb4 29. Rb1 c5 30. bxc6 bxc6 31. Rxb4 Ra7 32. Rc1 Rda5 33. Rxc6 Rxa4 34. Rxa4 Rxa4 35. Kg2 Ra5 36.
Rc7 Ra6 37. h4 Kf8 38. g4 Re6 39. Kf3 Re7 40. Rxe7 Kxe7 41. Ke4 Ke6 42. f4 g6 43. f5+ gxf5+ 44. gxf5+ Kd6 45. h5 f6 46. Kd3 Kd5 47. e4+ Kd6 48. Kc4 Kc6 49. Kb4 Kd6 50. Kb5 Kd7 51. Kc5 Ke7 52. Kd5 Kd7 53. e5 Ke7 54.
Kc6 Kf7 55. Kd7 Kg7 56. e6 Kf8 57. e7+ Kg7 58. e8=Q Kh7 59. Ke7 Kg7 60. Qg6+ Kh8 61. Qxh6+ Kg8 62. Qg6+ Kh8 63. Qxf6+ Kh7 64. h6 Kg8 65.
Qg7# 1-0

[Event "Live Chess"]
[Site "Chess.com"]
[Date "2023.05.20"]
[Round "-"]
[White "YrrriKharkiv"]
[Black "JoeyCage"]
[Result "0-1"]
[WhiteElo "2100"]
[BlackElo "2317"]
[TimeControl "300"]
[EndTime "10:02:28 PDT"]
[Termination "JoeyCage won by resignation"]

1. d4 g6 2. Nf3 Bg7 3. c4 d6 4.
Nc3 Nc6 5. h3 e5 6. d5 Nce7 7.
e4 f5 8. Ng5 Nf6 9. Be2 O-O 10.
exf5 Nxf5 11. O-O Nd4 12. Be3 Nxe2+ 13. Qxe2 Qe7 14. Rae1 Nh5 15. Qd2 h6 16. Nf3 Kh7 17. b4 Qf7 18. c5 Bd7 19. a4 a6 20. b5 axb5 21. axb5 Nf4 22. Bxf4 Qxf4 23. Qxf4 Rxf4 24.
cxd6 cxd6 25. Re4 Raf8 26. Nd2 R4f7 27. Nc4 Rf6 28. b6 Rc8 29. Rc1 h5 30. Ne2 Bf5 31. Re3 Bh6 32. Rec3 Bxc1 33. Nxc1 Bd7 34. Nb3 Bb5 35.
Nbd2 Rf4 36. Nxd6 Rxc3 37. Nxb5 Rc1+ 38. Kh2 Rxf2 39. Ne4 Rff1 40. h4 Rcd1 41. d6 Rfe1 42. Nbc3 Rd4 43. Ng5+ Kg8 44. Nb5 Rb1 45. Nc3 Rxb6 46.
Nce4 Rbxd6 47. Kg3 Rxe4 48. Nxe4 Rd3+ 49. Kf2 b5 50. Ke2 Rd4 51. Nd6 b4 52. Nb5 Rxh4 53. Ke3 b3 54. Nc3 Rc4 0-1

[Event "Live Chess"]
[Site "Chess.com"]
[Date "2023.05.20"]
[Round "-"]
[White "GMHarry-youtube"]
[Black "PiotrD11"]
[Result "1-0"]
[WhiteElo "2183"]
[BlackElo "1307"]
[TimeControl "300"]
[EndTime "10:02:28 PDT"]
[Termination "GMHarry-youtube won by resignation"]

1. e4 d5 2. exd5 Nf6 3. d4 Nxd5 4. Nf3 Nc6 5. c3 Bf5 6. Bd3 Bxd3 7. Qxd3 e6 8. Qb5 Rb8 9. Ne5 Qd6 10. Nxc6 Qxc6 11. Qxc6+ bxc6 12. Nd2 Bd6 13. Nc4 O-O 14. Kd2 Bf4+ 15.
Kc2 Bxc1 16. Rhxc1 Nb6 17. Ne5 Na4 18. b3 f6 19. Nd7 Rbd8 20. Nxf8 Nb6 21. Nxe6 Re8 1-0

[Event "Live Chess"]
[Site "Chess.com"]
[Date "2023.05.20"]
[Round "-"]
[White "BogdanBeleiUkraine"]
[Black "AwesomeFredster"]
[Result "1-0"]
[WhiteElo "1248"]
[BlackElo "1392"]
[TimeControl "300"]
[EndTime "10:02:29 PDT"]
[Termination "BogdanBeleiUkraine won by resignation"]

1. e4 e5 2. Nc3 Nc6 3. Bc4 Bc5 4. h3 Nf6 5. Nge2 Bb6 6. Na4 Nxe4 7. Nxb6 axb6 8. d3 Nd6 9. Bb3 Na5 10. Bd5 c6 11. Bf3 O-O 12. O-O b5 13. Ng3 c5 14.
Be2 c4 15. f4 exf4 16. Bxf4 Qb6+ 17. Kh1 cxd3 18. Qxd3 Ndc4 19. b3 Na3 20. Qe4 Qc6 21. Bd3 Qxe4 22. Nxe4 b4 23. Bd6 Re8 24. Bxb4 d5 25.
Ng5 Nc6 26. Bxa3 f6 27. Nxh7 Rxa3 28. Rae1 Rxa2 29. Rxe8+ 1-0

[Event "Live Chess"]
[Site "Chess.com"]
[Date "2023.05.20"]
[Round "-"]
[White "Rusty_Bridges"]
[Black "jameskwong"]
[Result "0-1"]
[WhiteElo "1419"]
[BlackElo "2155"]
[TimeControl "300"]
[EndTime "10:02:30 PDT"]
[Termination "jameskwong won by resignation"]

1. e4 e5 2. f4 exf4 3. Nf3 d5 4. exd5 Qxd5 5. Nc3 Qd8 6. d4 Nf6 7. Bxf4 Be7 8. Be2 O-O 9. O-O c5 10. d5 Bd6 11. Bxd6 Qxd6 12. Bc4 a6 13. a4 Bg4 14.
Ba2 Nbd7 15. Qd3 Rfe8 16. Ng5 h6 17. Nge4 Nxe4 18. Nxe4 Qe5 19. Ng3 Be2 20. Nxe2 Qxe2 21. Qf5 Nf6 22. d6 Rad8 23. Rae1 Qxe1 24. Rxe1 Rxe1+ 25. Kf2 Rd1 26. Qxc5 Ne4+ 0-1

[Event "Live Chess"]
[Site "Chess.com"]
[Date "2023.05.20"]
[Round "-"]
[White "MartaMost"]
[Black "LanceMaster23"]
[Result "0-1"]
[WhiteElo "1132"]
[BlackElo "1859"]
[TimeControl "300"]
[EndTime "10:02:40 PDT"]
[Termination "LanceMaster23 won by checkmate"]

1. e4 c5 2. Bc4 Nc6 3. Qh5 e6 4. Nc3 Nf6 5. Qf3 Ne5 6. Qf4 Nxc4 7. d3 Nb6 8. e5 Nfd5 9. Nxd5 Nxd5 10. Qe4 d6 11.
exd6 Bxd6 12. Nf3 Qf6 13. Qa4+ Bd7 14. Qh4 Nb4 15. Qxf6 gxf6 16. O-O Nxc2 17. Rb1 Nd4 18.
Nxd4 cxd4 19. Bh6 Rg8 20. Rbc1 Bc6 21. h3 Rxg2+ 22. Kh1 Rh2+ 23. Kg1 Rh1# 0-1

[Event "Live Chess"]
[Site "Chess.com"]
[Date "2023.05.20"]
[Round "-"]
[White "wadsy27"]
[Black "zdanevych"]
[Result "1-0"]
[WhiteElo "2589"]
[BlackElo "1539"]
[TimeControl "300"]
[EndTime "10:02:50 PDT"]
[Termination "wadsy27 won by resignation"]

1. Nf3 d5 2. g3 c5 3. Bg2 Nc6 4. d4 cxd4 5. Nxd4 e5 6. Nxc6 bxc6 7. c4 Nf6 8. Nc3 Be6 9. cxd5 cxd5 10. Qa4+ Qd7 11.
Qxd7+ Kxd7 12. Bg5 e4 13. Rd1 Bb4 14. Bxf6 gxf6 15.
Bxe4 Bxc3+ 16. bxc3 Rac8 17. Bxd5 Bxd5 18. Rxd5+ Ke6 19.
Rd3 Rc6 20. O-O Rhc8 21. Re3+ Kf5 22. Rc1 Ra6 23. Rc2 Rc5 24. c4 Ra4 25. Rec3 Rca5 26.
c5 Rxa2 27. c6 Rxc2 28. Rxc2 Ra1+ 29. Kg2 1-0

[Event "Live Chess"]
[Site "Chess.com"]
[Date "2023.05.20"]
[Round "-"]
[White "smoggyrabbit"]
[Black "Conradical12"]
[Result "1-0"]
[WhiteElo "1632"]
[BlackElo "1502"]
[TimeControl "300"]
[EndTime "10:02:56 PDT"]
[Termination "smoggyrabbit won by checkmate"]

1. d4 e5 2. dxe5 Nc6 3. Nf3 Qe7 4. Nc3 g6 5. e4 Bg7 6. Bc4 Qc5 7. Bb3 Nge7 8. Be3 Qa5 9. O-O O-O 10. Nd5 Nxd5 11.
exd5 Nxe5 12. c3 b6 13. Nd2 Ba6 14. c4 c6 15. dxc6 dxc6 16. Qc2 Rad8 17. Ne4 Nd3 18.
Bd2 Nxb2 19. Bxa5 Nd3 20. Bd2 Bxa1 21. Rxa1 b5 22. Bh6 Rfe8 23. Nf6+ Kh8 24. Nxe8 Rxe8 25. Qc3+ Ne5 26. f4 f6 27. fxe5 fxe5 28. Qf3 Kg8 29.
c5+ Kh8 30. Qf6# 1-0

[Event "Live Chess"]
[Site "Chess.com"]
[Date "2023.05.20"]
[Round "-"]
[White "Kr1xot4_XGOD"]
[Black "Ferrarifan27"]
[Result "0-1"]
[WhiteElo "2171"]
[BlackElo "2105"]
[TimeControl "300"]
[EndTime "10:03:10 PDT"]
[Termination "Ferrarifan27 won by resignation"]

1. e4 e5 2. Nf3 Nc6 3. d4 exd4 4.
Nxd4 Nf6 5. Nxc6 bxc6 6. e5 Nd5 7.
c4 Nb6 8. Bf4 d6 9. Nc3 Be6 10.
Qc2 Nxc4 11. Bxc4 Bxc4 12. exd6 cxd6 13. Qa4 Qe7+ 14. Kd2 Bb5 15. Nxb5 cxb5 16. Qxb5+ Qd7 17. Rhe1+ Kd8 18. Bg5+ f6 19. Qa5+ Qc7 20. Re8+ Kd7 21. Qb5+ Qc6 22. Qxc6+ Kxc6 23. Rxa8 fxg5 24. Rc1+ Kd7 25.
Rxa7+ Ke6 26. Re1+ Kf6 27. Re8 d5 28. Ke3 Bc5+ 29.
Kd3 Rxe8 30. Rd7 Bxf2 31. Rxd5 g4 32. Rd6+ Ke7 33. Rd5 Rd8 34. Rxd8 Kxd8 35. Ke4 Bg1 36. h4 gxh3 37. gxh3 Ke7 38. h4 g6 39. h5 g5 40.
b3 Ke6 41. a4 Bc5 42. a5 h6 43.
a6 Kd6 44. b4 Ba7 45. Kf5 Kc6 46. Ke5 Kb5 47. Kf5 Kxb4 48. Ke4 Kb5 49. Kd5 Kxa6 50. Ke5 Kb5 51. Kf5 Kc4 52. Ke4 Bd4 53. Kf3 Kd5 54.
Kg2 Ke4 55. Kg3 Be5+ 56. Kh3 Kf4 57. Kg2 g4 58. Kf1 Kf3 59. Ke1 Bf4 60. Kd1 g3 61. Kc2 g2 62. Kb3 g1=Q 63. Kc4 Qd1 64. Kc5 Ke4 65.
Kb5 Qc2 66. Kb4 Kd5 67. Kb5 Qb3+ 68. Ka6 Kc6 0-1

[Event "Live Chess"]
[Site "Chess.com"]
[Date "2023.05.20"]
[Round "-"]
[White "Supertromp"]
[Black "TDCMF"]
[Result "1-0"]
[WhiteElo "2170"]
[BlackElo "340"]
[TimeControl "300"]
[EndTime "10:03:15 PDT"]
[Termination "Supertromp won by checkmate"]

1. e4 e5 2. Nf3 Nc6 3. Bc4 Bc5 4. d3 Qh4 5. Nxh4 Bxf2+ 6. Kxf2 Nd4 7. Qh5 g6 8. Qxe5+ Ne7 9. Qxh8+ Ng8 10. Qxg8+ Ke7 11. Qxf7+ Kd6 12. Qd5+ Ke7 13. Bg5+ Ke8 14. Qf7# 1-0

[Event "Live Chess"]
[Site "Chess.com"]
[Date "2023.05.20"]
[Round "-"]
[White "KeithArkell"]
[Black "bedsdrout"]
[Result "1-0"]
[WhiteElo "2610"]
[BlackElo "434"]
[TimeControl "300"]
[EndTime "10:03:20 PDT"]
[Termination "KeithArkell won by checkmate"]

1. d4 d5 2. Nf3 e6 3. c4 dxc4 4.
e3 Bb4+ 5. Bd2 Nc6 6. Bxc4 e5 7. Bxb4 Nxb4 8. Qa4+ Bd7 9. Qxb4 Qh4 10. Nxh4 b6 11. Nf3 Nf6 12. Nxe5 Nd5 13. Bxd5 c5 14. Bxf7+ Kd8 15.
dxc5 bxc5 16. Qb7 Bc6 17. Nxc6# 1-0

[Event "Live Chess"]
[Site "Chess.com"]
[Date "2023.05.20"]
[Round "-"]
[White "JackRudd"]
[Black "FlyingChessKestrel13"]
[Result "1-0"]
[WhiteElo "2399"]
[BlackElo "2124"]
[TimeControl "300"]
[EndTime "10:03:25 PDT"]
[Termination "JackRudd won by checkmate"]

1. e4 c5 2. Nf3 Nc6 3. d4 cxd4 4.
Nxd4 Nf6 5. Nc3 e5 6. Ndb5 d6 7. Nd5 Nxd5 8. exd5 Ne7 9. c4 Ng6 10. Be3 a6 11. Nc3 Be7 12. Be2 O-O 13. O-O f5 14. Qb3 f4 15. Bb6 Qe8 16. f3 Nh4 17. Bd3 Bf5 18. Bxf5 Nxf5 19. Ne4 Qg6 20. Rad1 Kh8 21. Rf2 Rac8 22. Qd3 Bd8 23. Bxd8 Rfxd8 24. b3 Ne3 25. Re1 Qe8 26. Ng5 b5 27. Qxh7# 1-0

[Event "Live Chess"]
[Site "Chess.com"]
[Date "2023.05.20"]
[Round "-"]
[White "BearFromUkraine"]
[Black "f4nomore"]
[Result "0-1"]
[WhiteElo "1139"]
[BlackElo "1367"]
[TimeControl "300"]
[EndTime "10:03:28 PDT"]
[Termination "f4nomore won by resignation"]

1. e4 g6 2. d4 Bg7 3. e5 d6 4.
Nf3 dxe5 5. Nxe5 Bxe5 6. dxe5 Qxd1+ 7. Kxd1 Nc6 8. Bf4 Bf5 9. Bd3 O-O-O 10. Nd2 Bxd3 11.
cxd3 Rxd3 12. Kc2 Rd5 13. Rhe1 e6 14. Nb3 Nge7 15. Rad1 Rhd8 16. Rxd5 Nxd5 17. Bg3 h6 18. f4 g5 19. fxg5 hxg5 20. Bf2 Rh8 21. h3 Nf4 22.
Re2 Nxg2 23. Bxa7 Nf4 24. Rf2 Nxa7 25. h4 Rxh4 0-1

[Event "Live Chess"]
[Site "Chess.com"]
[Date "2023.05.20"]
[Round "-"]
[White "Albul"]
[Black "ethanredball"]
[Result "1-0"]
[WhiteElo "2188"]
[BlackElo "633"]
[TimeControl "300"]
[EndTime "10:03:31 PDT"]
[Termination "Albul won by checkmate"]

1. e4 d5 2. e5 Bf5 3. f4 c6 4.
Nf3 f6 5. d4 fxe5 6. fxe5 Nd7 7. Bd3 Bxd3 8. Qxd3 e6 9. O-O Bb4 10. c3 Ba5 11. Ng5 Qxg5 12. Bxg5 Nf8 13. Qf3 Bc7 14. Qf7# 1-0

[Event "Live Chess"]
[Site "Chess.com"]
[Date "2023.05.20"]
[Round "-"]
[White "Tilbs_12"]
[Black "jagbama"]
[Result "1-0"]
[WhiteElo "1595"]
[BlackElo "1132"]
[TimeControl "300"]
[EndTime "10:03:32 PDT"]
[Termination "Tilbs_12 won by resignation"]

1. e4 e5 2. Nf3 Nc6 3. c3 d6 4.
d4 Nf6 5. d5 Na5 6. Bd3 c6 7.
b4 Nxe4 8. Bxe4 Nc4 9. dxc6 bxc6 10. Bxc6+ Bd7 11. Bxa8 Qxa8 12. O-O Bg4 13. Nbd2 Nxd2 14.
Bxd2 e4 15. h3 exf3 16. hxg4 fxg2 17. Re1+ Be7 18. Bf4 Kd7 19. Qa4+ Kd8 20. Qa5+ Kd7 21. Qb5+ Kd8 22. Rad1 h5 23. Bxd6 hxg4 24. Bxe7+ Kc7 25. Rd7+ Kc8 26. Rd8+ Rxd8 27. Bxd8 Qf3 28. Qe8 g3 29. Bh4+ Kb7 30. Bxg3 f5 31. Qf7+ Ka6 32. Qc4+ Kb7 33.
Qc7+ Ka6 34. Re6+ Kb5 35. Qc5+ 1-0

[Event "Live Chess"]
[Site "Chess.com"]
[Date "2023.05.20"]
[Round "-"]
[White "mach247"]
[Black "seasidecastle27"]
[Result "1/2-1/2"]
[WhiteElo "1352"]
[BlackElo "1772"]
[TimeControl "300"]
[EndTime "10:03:42 PDT"]
[Termination "Game drawn by repetition"]

1. e4 d6 2. d4 e5 3. dxe5 Nc6 4. exd6 Bxd6 5. Bb5 Bd7 6. Nf3 Qe7 7. O-O O-O-O 8. Nc3 Nf6 9. Bg5 h6 10. Bxf6 Qxf6 11. Bxc6 Bxc6 12. e5 Bxe5 13. Qe2 Bxc3 14. bxc3 Bxf3 15. Qxf3 Qxf3 16. gxf3 Rd2 17. Rfe1 Rhd8 18. Re7 Rd1+ 19. Rxd1 Rxd1+ 20. Kg2 Rd7 21. Re8+ Rd8 22. Re7 Rd7 23. Re8+ Rd8 24. Re7 Rd7 1/2-1/2

[Event "Live Chess"]
[Site "Chess.com"]
[Date "2023.05.20"]
[Round "-"]
[White "Prijmak"]
[Black "Tushinskiy"]
[Result "0-1"]
[WhiteElo "984"]
[BlackElo "2090"]
[TimeControl "300"]
[EndTime "10:03:44 PDT"]
[Termination "Tushinskiy won by checkmate"]

1. e4 e5 2. f4 d6 3. Nf3 Bg4 4.
fxe5 dxe5 5. Bc4 Nd7 6. O-O Ngf6 7. d3 Be7 8. Bg5 O-O 9. Nc3 c6 10. Qd2 Bxf3 11. Rxf3 b5 12. Bb3 a5 13. a3 Nc5 14.
Ba2 b4 15. axb4 axb4 16. Ne2 b3 17. cxb3 Nxb3 18. Bxb3 Rxa1+ 19. Kf2 Ng4+ 20. Kg3 Bxg5 21. Qc2 Bd2 22. Qxd2 Nf6 23. Qc3 Qe7 24. Qxc6 Re1 25. Nc3 Qa7 26. Nd5 Nxd5 27. Qxd5 Re3 28. Rxe3 Qxe3+ 29. Kg4 Qf4+ 30. Kh3 g6 31. g4 Rc8 32. Bc4 Kg7 33.
b3 h6 34. Qd7 Qf3+ 35. Kh4 g5+ 36. Kh5 Qh3# 0-1